 Dungeon Crawl Stone Soup version 0.26-a0-667-g92642533e4 (webtiles) character file.

Game seed: 4407633408763243916

1585 somkeydreadnuts the Chopper (level 8, -3/72 HPs)
             Began as a Tengu Berserker on Oct 15, 2020.
             Was a Priest of Trog.
             Slain by an orc warrior
             ... wielding a +0 halberd
              (10 damage)
             ... on level 6 of the Dungeon on Oct 16, 2020.
             The game lasted 00:30:37 (5897 turns).

somkeydreadnuts the Chopper (Tengu Berserker)       Turns: 5897, Time: 00:30:38

Health: -3/72      AC:  6    Str: 19    XL:     8   Next: 92%
Magic:  9/9        EV: 16    Int:  7    God:    Trog [***...]
Gold:   226        SH:  0    Dex: 15    Spells: 7/7 levels left

rFire    . . .     SeeInvis .   y - +2 dire flail (venom)
rCold    . . .     Faith    .   (shield currently unavailable)
rNeg     . . .     Spirit   .   F - +0 ring mail
rPois    .         Reflect  .   (helmet restricted)
rElec    .         Harm     .   (no cloak)
rCorr    .         Rampage  .   (no gloves)
MR       ++...                  (boots unavailable)
Stlth    ..........             g - amulet of regeneration
HPRegen  1.62/turn              (no ring)
MPRegen  0.11/turn              (no ring)

@: berserking, flying quickly and evasively, regenerating, very quick
A: beak, talons 3, able to fly
a: Stop Flying, Berserk, Trog's Hand, Renounce Religion


You were on level 6 of the Dungeon.
You worshipped Trog.
Trog was most pleased with you.
You visited 1 branch of the dungeon, and saw 6 of its levels.

You collected 226 gold pieces.

Inventory:

Hand Weapons
 a - a +0 hand axe
 o - a +3 flail
 y - a +2 dire flail of venom (weapon)
 A - a +1 antimagic scythe
 C - a +0 shortbow
 G - a +2 dire flail of holy wrath
Missiles
 D - 10 arrows
Armour
 b - a +0 scale mail
 f - a +0 pair of gloves
 F - a +0 ring mail (worn)
Jewellery
 g - an amulet of regeneration (around neck)
Wands
 m - a wand of polymorph (8)
 n - a wand of paralysis (7)
 B - a wand of iceblast (10)
 E - a wand of disintegration (9)
Scrolls
 c - 9 scrolls of identify {unknown}
 d - 8 scrolls of teleportation {unknown}
 i - 2 scrolls of enchant armour {unknown}
 l - 4 scrolls of remove curse {unknown}
 q - 3 scrolls of amnesia {unknown}
 r - a scroll of fear {unknown}
 t - 3 scrolls of magic mapping {unknown}
 w - 4 scrolls of immolation {unknown}
 x - a scroll of blinking {unknown}
 H - a scroll of summoning {unknown}
Potions
 e - 3 potions of brilliance {unknown}
 h - a potion of invisibility {unknown}
 j - 4 potions of curing {unknown}
 k - 2 potions of degeneration {unknown}
 p - 2 potions of ambrosia {unknown}
 s - 3 potions of mutation {unknown}
 u - 2 potions of lignification {unknown}
 v - a potion of flight {unknown}
 z - 2 potions of stabbing {unknown}


   Skills:
 + Level 4.7 Fighting
 + Level 7.0(7.7) Axes
 + Level 4.6(6.5) Maces & Flails
 + Level 0.5(4.3) Polearms
 + Level 6.4 Armour
 + Level 4.5 Dodging
 + Level 2.4 Stealth


You had 7 spell levels left.
You didn't know any spells.
Your spell library was empty.

Dungeon Overview and Level Annotations

Branches:
Dungeon (6/15)             Temple (0/1) D:4

Altars:
Cheibriados
Dithmenos
Makhleb
Qazlal

Shops:
D:4 [   D:5 ((**(?   D:6 }

Annotations:
D:6 2 runed translucent doors, HilariousDeathArtist's ghost, novice VSCK


Innate Abilities, Weirdness & Mutations

You have a beak for a mouth.
You have claws for feet.
You can fly continuously.


Message History

An orc comes into view. It is wielding a +0 trident.
The orc misses you. The orc warrior misses you. The orc closely misses you.
The orc warrior completely misses you.
The orc priest hits you with a cursed -1 hand axe.
The orc hits you but does no damage. The orc warrior closely misses you.
The orc priest calls down the wrath of Beogh upon you.
Beogh smites you!
* * * LOW HITPOINT WARNING * * *
The orc barely misses you. The orc misses you. The orc warrior misses you.
The orc priest looks satisfied for a moment.
The orc barely misses you.
The orc warrior hits you from afar with a +0 halberd.
* * * LOW HITPOINT WARNING * * *
A red film seems to cover your vision as you go berserk!
You feel yourself moving faster!
You feel mighty! The orc misses you.
The orc warrior hits you from afar with a +0 halberd!
You die...

#.....# #.# #####.#
#.# #.# #.# #.# ###..
#.# #...> ####
#.###.#.# .o.
#........ ##.##.###
#####.#.# #....o.@#
#.... ....#.o#o##
##... . #.#....######
#... .....###.....#
#... #####. #.....#
#... #.###.##..# #...
.#.....#..#######..∩
.#..##.#............
.....##..............


You could see an orc warrior (very poisoned), an orc priest and 2 orcs.

Vanquished Creatures
  Sigmund (D:5)
  Eustachio (D:4)
  Edmund (D:5)
  An orc warrior (D:6)
  A black bear (D:6)
  A phantom (D:6)
  A centaur (D:5)
  A bullfrog (D:6)
  2 scorpions
  3 hounds
  An orc priest (D:4)
  A centaur skeleton (D:4)
  4 orc wizards
  Ijyb (D:5)
  Terence (D:2)
  Natasha (D:2)
  5 worker ants
  6 adders
  An ufetubus (D:6)
  An adder skeleton (D:4)
  2 worms
  2 dart slugs
  6 leopard geckos
  13 orcs
  3 ball pythons
  7 giant cockroaches
  14 goblins
  4 hobgoblins
  12 jackals
  3 quokkas
  12 bats
  4 frilled lizards
  A jackal skeleton (D:5)
  5 kobolds
  A leopard gecko skeleton (D:4)
  A quokka skeleton (D:4)
  10 rats
135 creatures vanquished.

Vanquished Creatures (others)
  Natasha (D:2)
1 creature vanquished.

Grand Total: 136 creatures vanquished

Notes
Turn   | Place    | Note
-------+----------+-------------------------------------------
     0 | D:1      | somkeydreadnuts the Tengu Berserker began the quest for the
                  | Orb.
     0 | D:1      | Reached XP level 1. HP: 14/14 MP: 2/2
    73 | D:1      | Reached XP level 2. HP: 19/19 MP: 3/3
   197 | D:1      | Reached ** piety under Trog
   206 | D:1      | Reached XP level 3. HP: 23/23 MP: 4/4
   368 | D:1      | Reached skill level 4 in Axes
   693 | D:1      | You fall into a shaft and drop 1 floor!
   719 | D:2      | Reached XP level 4. HP: 28/28 MP: 5/5
  1021 | D:2      | Noticed Terence
  1035 | D:2      | Killed Terence
  1035 | D:2      | Reached skill level 1 in Stealth
  1139 | D:2      | Gained mutation: You can fly continuously. [Tengu growth]
  1139 | D:2      | Reached XP level 5. HP: 8/32 MP: 6/6
  1472 | D:2      | Noticed Natasha
  1480 | D:2      | Killed Natasha
  1649 | D:2      | Noticed Natasha
  1657 | D:2      | Killed Natasha
  1657 | D:2      | Reached skill level 5 in Axes
  2195 | D:3      | Reached XP level 6. HP: 37/37 MP: 7/7
  2648 | D:3      | Reached *** piety under Trog
  2840 | D:4      | Noticed Eustachio
  2876 | D:4      | Killed Eustachio
  2991 | D:4      | Found a staircase to the Ecumenical Temple.
  3017 | D:4      | Reached XP level 7. HP: 23/42 MP: 8/8
  3089 | D:4      | Reached skill level 5 in Armour
  3369 | D:4      | Found a shadowy altar of Dithmenos.
  3588 | D:4      | Reached skill level 6 in Axes
  4009 | D:4      | Found Akhe Syd's Antique Armour Shoppe.
  4229 | D:4      | Found a stormy altar of Qazlal.
  4287 | D:4      | Upgraded the game from 0.26-a0-665-gefeb406119 to
                  | 0.26-a0-667-g92642533e4
  4290 | D:5      | Entered Level 5 of the Dungeon
  4303 | D:5      | Noticed Edmund
  4313 | D:5      | Killed Edmund
  4610 | D:5      | Noticed Sigmund
  4620 | D:5      | Killed Sigmund
  4620 | D:5      | Reached XP level 8. HP: 48/48 MP: 9/9
  4686 | D:5      | Found Naguil Jusso's General Store.
  4691 | D:5      | Found Seodigh's Elemental Accessories.
  4734 | D:5      | Noticed Ijyb
  4746 | D:5      | Killed Ijyb
  4896 | D:5      | Found Kinn's Antique Weapon Boutique.
  4952 | D:5      | Found Yxug's Antique Weapon Emporium.
  5006 | D:5      | Found Vual's Weapon Shop.
  5013 | D:5      | Found Fyrureudd's Magic Scroll Boutique.
  5060 | D:5      | Found a burning altar of Makhleb.
  5067 | D:5      | Reached skill level 1 in Maces & Flails
  5297 | D:6      | Found a large runed translucent door.
  5337 | D:6      | Reached skill level 7 in Axes
  5362 | D:6      | Found a snail-covered altar of Cheibriados.
  5415 | D:6      | Found Winnie's Gadget Emporium.
  5474 | D:6      | Reached **** piety under Trog
  5721 | D:6      | Found a burning altar of Makhleb.
  5780 | D:6      | Found a large runed translucent door.
  5781 | D:6      | Noticed HilariousDeathArtist's ghost (novice VSCK)
  5897 | D:6      | Slain by an orc warrior

Illustrated notes

Levels and vault maps discovered:
D:1:      heliophobic_arrival_battle_scene, layout_basic, st_stairs_1
D:2:      layout_basic, uniq_terence, uniq_natasha
D:3:      layout_basic
D:4:      layout_basic, lemuel_doored_altar, kennysheep_little_box,
          minmay_temple_entry_waves, serial_shops, nicolae_shop_waterfront,
          uniq_eustachio
D:5:      layout_rooms, makhleb_heckhound_becter, serial_shops, shop, shop,
          nicolae_shop_trees, nicolae_shop_waterfront, shop,
          nicolae_elemental_shop, roderic_roman_lattice,
          kennysheep_generic_room_15, uniq_ijyb, uniq_edmund, uniq_sigmund
D:6:      layout_loops_cross, slow_altar_1, serial_shops, shop, basic_altar,
          ebering_ghost_disaster_area

Skill      XL: |  1  2  3  4  5  6  7  8 |
---------------+-------------------------+-----
Axes           | 4 5 6 7 |  7.0
Armour         | 3 4 5 6 |  6.4
Stealth        | 1 2 |  2.4
Dodging        | 3 4 |  4.5
Fighting       | 4 |  4.7
Maces & Flails | 4 |  4.6
Polearms       | |  0.5

Action                   |  1- 3 |  4- 6 |  7- 9 || total
-------------------------+-------+-------+-------++-------
Melee: Hand axe          |    76 |   144 |    54 ||   274
       Peck              |    12 |    22 |    29 ||    63
       Kick              |    14 |    36 |    50 ||   100
       Dire flail        |       |       |    83 ||    83
       Scythe            |       |       |     6 ||     6
Invok: Berserk           |     1 |     6 |     4 ||    11
       Trog's Hand       |       |     2 |     1 ||     3
 Abil: Fly               |       |       |     1 ||     1
Evoke: Wand              |       |     1 |       ||     1
Armor: Animal skin       |     7 |       |       ||     7
       Ring mail         |    23 |    61 |    36 ||   120
Dodge: Dodged            |    64 |   123 |   120 ||   307

Table legend: (Time is in decaauts)
 A = Elapsed time spent in this place.
 B = Non-inter-level travel time spent in this place.
 C = Inter-level travel time spent in this place.
 D = Time resting spent in this place.
 E = Time spent auto-exploring this place.
 F = Levels seen in this place.
 G = Mean time per level.
                   A        B        C        D        E       F      G
               +--------+--------+--------+--------+--------+-----+--------+
         Total |   5852 |   5834 |     18 |      0 |   4133 |   6 |  975.3 |
       Dungeon |   5852 |   5834 |     18 |      0 |   4133 |   6 |  975.3 |
               +--------+--------+--------+--------+--------+-----+--------+

Top non-repeatable levels by time:
     D:4: 1430 daAuts
     D:3: 1098 daAuts
     D:2: 1074 daAuts
     D:5: 926 daAuts
     D:1: 709 daAuts
     D:6: 613 daAuts
